cohdb
Replays
Latest Replays
All Replays
Popular Replays
Top Player Replays
Match Explorer
How It Works
Community
CoH3 Stats
Reddit
Sign in to upload your games and track your stats! →
Sign in with Steam
Match 38747131
Unlisted
Match 38747131
Overview
Messages
Build Orders
End
Construct Barracks
Scout Squad
Selects Special Operations Battlegroup
Riflemen Squad
Riflemen Squad
M1 Mortar Team
Riflemen Squad
Riflemen Squad
Selects M29 Weasel with M1 Pack Howitzer
M29 Weasel with M1 Pack Howitzer
Infantry Support Center
Construct Medical Station
Construct Tank Depot
M4A1 Sherman Medium Tank
Selects P-47 Anti-Infantry Loiter
M29 Weasel with M1 Pack Howitzer
M1918 Browning Automatic Rifles
Selects Raiding Flares
Raiding Flares
Engineer Squad
M18 Hellcat Tank Destroyer
Raiding Flares
Riflemen Squad
Riflemen Squad
M4A1 Sherman Medium Tank
Raiding Flares
Selects UNKNOWN (2162291)
Engineer Squad
Raiding Flares
M4A1 Sherman Whizbang
Engineer Squad
Grenade Package
Raiding Flares
M4A1 Sherman Whizbang
Riflemen Squad
Engineer Squad
XuZhongwei
[2.FJg]Suliko007
0
0
Comments
sign in to comment!
No comments posted yet!